 Dungeon Crawl Stone Soup version 0.28.0-53-g5a82cb258f (webtiles) character file.

Game seed: 12474317990170967458

112 mortz the Slasher (level 4, -3/40 HPs)
             Began as a Hill Orc Monk on Aug 18, 2022.
             Succumbed to a scorpion's poison
             ... on level 3 of the Dungeon.
             The game lasted 00:17:55 (2686 turns).

mortz the Slasher (Hill Orc Monk)                   Turns: 2686, Time: 00:17:56

Health: -3/40      AC:  6    Str: 15    XL:     4   Next: 93%
Magic:  4/4        EV:  8    Int: 10    God:
Gold:   48         SH:  7    Dex: 13    Spells: 3/3 levels left

rFire   + . .      SeeInvis .   a - +1 falchion {long}
rCold   + . .      Faith    .   c - +0 kite shield
rNeg    . . .      Spirit   .   f - +0 scale mail
rPois   .          Reflect  .   (no helmet)
rElec   .          Harm     .   l - scarf {rC+ rF+}
rCorr   .          Rampage  .   (no gloves)
Will    +....                   (no boots)
Stlth   +.........              (no amulet)
HPRegen 0.13/turn               e - ring of willpower
MPRegen 0.09/turn               (no ring)

@: mighty, lethally poisoned (-3 -> -31)
A: no striking features
a: no special abilities


You were on level 3 of the Dungeon.
You visited 1 branch of the dungeon, and saw 3 of its levels.

You collected 48 gold pieces.


   Skills:
 + Level 4.2 Fighting
 + Level 4.5 Long Blades
 - Level 0.7 Throwing
 + Level 0.3 Armour
 + Level 3.0 Dodging
 + Level 2.1 Stealth


You had 3 spell levels left.
You didn't know any spells.
Your spell library contained the following spells:

 Spells                   Type           Power      Damage    Failure   Level
 Hailstorm                Conj/Ice       0%         3d3       100%        4
 Ice Form                 Ice/Tmut       0%         N/A       100%        4
 Simulacrum               Ice/Necr       0%         N/A       100%        6

Inventory:

Hand Weapons
 a - a +1 falchion (weapon) {long}
 j - a +2 mace of protection {mace}
   (You found it on level 1 of the Dungeon)
Missiles
 d - 69 stones (quivered) {throwing}
Armour
 c - a +0 kite shield (worn)
   (You found it on level 3 of the Dungeon)
 f - a +0 scale mail (worn)
   (You found it on level 2 of the Dungeon)
 l - a scarf of resistance (worn)
   (You found it on level 2 of the Dungeon)
Jewellery
 e - a ring of willpower (left hand)
   (You found it on level 1 of the Dungeon)
Potions
 g - a potion of cancellation
 i - a potion of curing {unknown}

Dungeon Overview and Level Annotations

Branches:
Dungeon (3/15)

Altars:

............†............>.....#
##.......†###...#####.#..#..#..#
#####...........# #...........#
#...........#
#...........####.#.
...................
##...........####...
#..........@#
#..........(s......
..............### .............#
..........(.# ........#####
#########


You could see a scorpion.


Message History

You throw a stone {throwing}. The stone {throwing} misses the kobold.
You slash the kobold!
You kill the kobold!
d - 65 stones {throwing} (gained 1)
d - 66 stones {throwing} (gained 1)
Things that are here:
a +0 whip {mace}; a kobold corpse
d - 67 stones {throwing} (gained 1)
d - 68 stones {throwing} (gained 1)
d - 72 stones {throwing} (gained 4)
A quokka comes into view.
You see here a +0 kite shield.
c - a +0 kite shield You start putting on your armour.
You continue putting on your +0 kite shield.
The quokka bites you but does no damage.
Keep equipping yourself? [Y]es or [N]o only, please.
Keep equipping yourself? [Y]es or [N]o only, please.
Keep equipping yourself? [Y]es or [N]o only, please.
Keep equipping yourself?
Uppercase [Y]es or [N]o only, please.
Keep equipping yourself?
You stop putting on your armour.
You barely miss the quokka. The quokka barely misses you.
You hit the quokka.
The quokka bites you but does no damage.
You hit the quokka but do no damage.
The quokka bites you but does no damage.
You closely miss the quokka. The quokka barely misses you. x2
You barely miss the quokka. The quokka barely misses you.
You miss the quokka.
The quokka bites you but does no damage.
You hit the quokka.
You kill the quokka!
You start putting on your armour.
You continue putting on your +0 kite shield. x4
You finish putting on your +0 kite shield. 2 quokkas come into view.
The quokka moves out of view.
You throw a stone {throwing}.
The stone {throwing} barely misses the quokka.
You throw a stone {throwing}.
The stone {throwing} hits the quokka but does no damage.
The quokka twitches its whiskers.
You hit the quokka. You block the quokka's attack.
You closely miss the quokka. The quokka closely misses you.
The quokka barely misses you.
You closely miss the quokka.
The quokka bites you but does no damage.
You hit the quokka.
You kill the quokka!
You slash the quokka!
You kill the quokka!
You see here a quokka corpse.
A quokka comes into view.
You throw a stone {throwing}.
The stone {throwing} barely misses the quokka.
You slash the quokka!
You kill the quokka!
A scorpion comes into view.
You see here a quokka corpse.
You hit the scorpion but do no damage. The scorpion stings you!
You are poisoned.
The scorpion poisons you! 😕 HP[-8]
You take 8 damage, and now have 32/40 hp.
You hit the scorpion but do no damage.
You feel very sick. The scorpion stings you!
You are more poisoned.
The scorpion poisons you!
The scorpion barely misses you. 😮 HP[-11]
You take 11 damage, and now have 21/40 hp.
MASSIVE DAMAGE!! (PAUSE)
You closely miss the scorpion.
* * * LOW HITPOINT WARNING * * *
You feel very sick. The scorpion stings you.
* * * LOW HITPOINT WARNING * * *
You are more poisoned.
The scorpion poisons you! 😨 HP[-8]
You take 8 damage, and now have 13/40 hp.
You hit the scorpion but do no damage.
* * * LOW HITPOINT WARNING * * *
You feel very sick.
The scorpion stings you but does no damage.
The scorpion stings you.
* * * LOW HITPOINT WARNING * * *
You are more poisoned.
The scorpion poisons you! 😱 HP[-10]
You take 10 damage, and now have 3/40 hp.
MASSIVE DAMAGE!! (PAUSE) It was a potion of might.
You feel very mighty all of a sudden.
You die...

Skill      XL: |  1  2  3  4 |
---------------+-------------+-----
Fighting       | 4 |  4.2
Long Blades    | 4 |  4.5
Stealth        | 2 |  2.1
Dodging        | 3 |  3.0
Throwing       | |  0.7
Armour         | |  0.3

Action                   |  1- 3 |  4- 6 || total
-------------------------+-------+-------++-------
Melee: Falchion          |   111 |    44 ||   155
       Punch             |       |     1 ||     1
Throw: Stone             |    72 |    38 ||   110
  Use: Scroll            |     2 |     4 ||     6
       Potion            |       |     1 ||     1
 Stab: Sleeping          |     4 |       ||     4
Armor: Robe              |    16 |       ||    16
       Scale mail        |     2 |    15 ||    17
Dodge: Dodged            |    78 |    26 ||   104
Block: Kite shield       |       |     1 ||     1

Levels and vault maps discovered:
D:1:      evilmike_arrival_rings, layout_loops_cross,
          dilly_ecumenical_altar_fadedgnrine, nicolae_figureground_pulse
D:2:      layout_rooms, uniq_natasha
D:3:      layout_basic

Notes
Turn   | Place    | Note
-------+----------+-------------------------------------------
     0 | D:1      | mortz the Hill Orc Monk began the quest for the Orb.
     0 | D:1      | Reached XP level 1. HP: 19/19 MP: 1/1
     0 | D:1      | magus.rc [v1.9.6]
   538 | D:1      | Reached XP level 2. HP: 25/27 MP: 2/2
   886 | D:1      | Reached XP level 3. HP: 11/33 MP: 3/3
  1147 | D:1      | Found a faded altar of an unknown god.
  1476 | D:1      | You pick up a book of the Tundra and begin reading...
  1476 | D:1      | You add the spells Hailstorm, Ice Form and Simulacrum to
                  | your library.
  1662 | D:1      | Reached skill level 4 in Fighting
  2001 | D:2      | Noticed Natasha
  2011 | D:2      | Killed Natasha
  2012 | D:2      | Reached skill level 4 in Long Blades
  2012 | D:2      | Reached XP level 4. HP: 37/40 MP: 4/4
  2070 | D:2      | Reached skill level 2 in Stealth
  2138 | D:2      | Noticed Natasha
  2148 | D:2      | Killed Natasha
  2149 | D:2      | Reached skill level 3 in Dodging
  2681 | D:3      | Noticed a scorpion
  2685 | D:3      | HP: 7/40 [poisoned by a scorpion]
  2685 | D:3      | HP: 3/40 [scorpion (4)]
  2686 | D:3      | Succumbed to a scorpion's poison

Vanquished Creatures
  Natasha (twice) (D:2)
  6 bats
  5 endoplasms (D:1)
  4 giant cockroaches
  9 goblins
  8 hobgoblins
  3 jackals (D:2)
  6 quokkas
  2 ball pythons (D:1)
  A frilled lizard (D:1)
  3 kobolds
  A rat (D:1)
50 creatures vanquished.

Table legend:
 A = Non-vault XP
 B = Vault XP
 C = Vault XP percentage of total XP
 D = Non-vault monster count
 E = Vault monster count
 F = Vault count percentage of total count
                 A         B        C        D         E       F
            +---------+---------+-------+---------+---------+-------
      Total |     125 |      35 |  21.9 |      49 |       1 |   2.0
            +---------+---------+-------+---------+---------+-------
        D:1 |      56 |       0 |   0.0 |      31 |       0 |   0.0
        D:2 |      53 |      35 |  39.8 |      10 |       1 |   9.1
        D:3 |      16 |       0 |   0.0 |       8 |       0 |   0.0
            +---------+---------+-------+---------+---------+-------

Illustrated notes

Table legend:
 A = Kills in this place as a percentage of kills in entire the game.
 B = Kills by you in this place as a percentage of kills by you in the entire game.
 C = Kills by friends in this place as a percentage of kills by friends in the entire game.
 D = Other kills in this place as a percentage of other kills in the entire game.
 E = Experience gained in this place as a percentage of experience gained in the entire game.
 F = Experience gained in this place divided by the number of levels of this place that you have seen.
                   A       B       C       D       E      F
               +-------+-------+-------+-------+-------+----------------------
         Total | 100.0 | 100.0 |   N/A |   N/A | 100.0 |  53.3
       Dungeon | 100.0 | 100.0 |   N/A |   N/A | 100.0 |  53.3
               +-------+-------+-------+-------+-------+----------------------

Table legend: (Time is in decaauts)
 A = Elapsed time spent in this place.
 B = Non-inter-level travel time spent in this place.
 C = Inter-level travel time spent in this place.
 D = Time resting spent in this place.
 E = Time spent auto-exploring this place.
 F = Levels seen in this place.
 G = Mean time per level.
                   A        B        C        D        E       F      G
               +--------+--------+--------+--------+--------+-----+--------+
         Total |   2713 |   2676 |     37 |    281 |   1856 |   3 |  904.3 |
       Dungeon |   2713 |   2676 |     37 |    281 |   1856 |   3 |  904.3 |
               +--------+--------+--------+--------+--------+-----+--------+

Top non-repeatable levels by time:
     D:1: 1853 daAuts
     D:2: 692 daAuts
     D:3: 167 daAuts
